 Dungeon Crawl Stone Soup version 0.18.1-50-g88ac8fd (webtiles) character file.

340 varam the Covert (level 6, 0/28 HPs)
             Began as a Spriggan Enchanter on Oct 21, 2016.
             Was an Initiate of Pakellas.
             Slain by an ogre
             ... wielding a +0 giant club
              (14 damage)
             ... on level 4 of the Dungeon.
             The game lasted 00:15:40 (5338 turns).

varam the Covert (Spriggan Enchanter)               Turns: 5338, Time: 00:15:41

Health: 0/28       AC:  4    Str:  4    XL:     6   Next: 30%
Magic:  0/11       EV: 13    Int: 19    God:    Pakellas [......]
Gold:   136        SH:  0    Dex: 16    Spells: 3 memorised, 4 levels left

rFire  . . .     SeeInvis +     v - +8 hand axe of Hoha Ybask {chop, +Inv}
rCold  . . .     Gourm    .     a - +1 robe
rNeg   . . .     Faith    .     (shield restricted)
rPois  .         Spirit   .     (helmet restricted)
rElec  .         Dismiss  .     t - +0 cloak
rCorr  .         Reflect  .     (gloves unavailable)
SustAt .         Harm     .     (boots unavailable)
MR     +....                    (no amulet)
Stlth  ++++......               (no ring)
                                (no ring)

@: very quick, somewhat resistant to hostile enchantments, stealthy
A: unfitting armour, see invisible, herbivore 3, speed 3, slow metabolism 2
a: Renounce Religion, Evoke Invisibility


You were on level 4 of the Dungeon.
You worshipped Pakellas.
Pakellas was noncommittal.
You were not hungry.

You visited 1 branch of the dungeon, and saw 4 of its levels.

You collected 136 gold pieces.

Inventory:

Hand Weapons
 b - a +1 dagger
 q - a +3 dagger
 v - the +8 hand axe of Hoha Ybask (weapon) {chop, +Inv}
   (You found it on level 4 of the Dungeon)

   It inflicts extra damage upon your enemies.
   It lets you turn invisible.
Armour
 a - a +1 robe (worn)
 t - a +0 cloak (worn)
Magical Staves
 u - an uncursed staff of fire {unknown}
Jewellery
 r - a +5 ring of strength {unknown}
Wands
 f - a wand of heal wounds (4/9)
Scrolls
 e - 2 scrolls of amnesia {unknown}
 g - a scroll of random uselessness {unknown}
 h - a scroll of teleportation {unknown}
 i - a scroll of identify {unknown}
 j - a scroll of noise {unknown}
 m - 2 scrolls of recharging {unknown}
 o - a scroll of remove curse {unknown}
Potions
 k - a potion of degeneration {unknown}
 l - a potion of magic {unknown}
 n - a potion of beneficial mutation {unknown}
 p - a potion of invisibility {unknown}
 s - a potion of brilliance {unknown}
Books
 c - a book of Maledictions

   Spells                             Type                      Level
   a - Corona                         Hexes                        1
   b - Ensorcelled Hibernation        Hexes/Ice                    2
   c - Confuse                        Hexes                        3
   d - Tukima's Dance                 Hexes                        3
   e - Dazzling Spray                 Conjuration/Hexes            3
Comestibles
 d - 3 bread rations


   Skills:
 - Level 5.0 Short Blades
 - Level 3.0 Dodging
 - Level 8.1 Stealth
 + Level 2.7 Spellcasting
 * Level 3.9 Hexes


You had 4 spell levels left.
You knew the following spells:

 Your Spells              Type           Power        Failure   Level  Hunger
a - Ensorcelled Hibernat  Hex/Ice        ##....       12%         2    ##.....
b - Corona                Hex            ###....      3%          1    None
c - Confuse               Hex            ###.....     12%         3    ###....


Dungeon Overview and Level Annotations

Branches:
Dungeon (4/15)
 Temple: D:4-7

Altars:
Nemelex Xobeh
Pakellas


Innate Abilities, Weirdness & Mutations

You are tiny and cannot use many weapons and most armour.
You have supernaturally acute eyesight.
You are a herbivore.
You cover ground extremely quickly.
You need consume almost no food.


Message History

You hit the kobold.
You kill the kobold!
Pakellas accepts your kill.
Your Short Blades skill increases to level 5!
No target in view!
Unknown command.
Saving game... please wait.
Welcome back, varam the Spriggan Enchanter.
Pakellas says: Ready to try out some more devices?
Press ? for a list of commands and other information.
Done exploring.
Unknown command.
There is a stone staircase leading down here.
You climb downwards.
The ogre hits you with a giant club!
Ouch! That really hurt!
There is a stone staircase leading up, spattered with blood here.
The ogre hits you with a giant club!
Ouch! That really hurt!
You die...
Pakellas says: Back to the drawing board!

#............'....
+............#....
#............#.... ##
#.##.###..######..
##.####.##.###..#
##..
.........#......+
#...
.........#......#
#...
...w.....#......#
##..
##+#######.@##..#####
##.
#....>.###O.##..## ##
#........'..#....# #
#........#..'....#
#........#..#....#
#........#..#....#
#.......##'###..##
#.......##..##..##
#................#


You could see an ogre and a worm.

Vanquished Creatures
  The ghost of olma the Skirmisher, an amateur TrFi of Okawaru (D:3)
  Natasha (thrice) (D:2 D:1)
  A worker ant (D:3)
  4 gnolls (D:1)
  4 adders
  2 worms
  2 dart slugs
  3 giant geckos
  4 orcs (D:3)
  A ball python (D:1)
  4 giant cockroaches
  11 goblins
  7 hobgoblins
  3 jackals (D:1)
  5 kobolds
  4 bats
  5 giant newts
  2 rats
66 creatures vanquished.

Notes
Turn   | Place    | Note
--------------------------------------------------------------
     0 | D:1      | varam the Spriggan Enchanter began the quest for the Orb.
     0 | D:1      | Reached XP level 1. HP: 9/9 MP: 5/5
   366 | D:1      | Found a sparkling altar of Nemelex Xobeh.
   416 | D:1      | Reached XP level 2. HP: 13/13 MP: 6/6
   420 | D:1      | Learned a level 2 spell: Ensorcelled Hibernation
   491 | D:1      | Reached skill level 5 in Stealth
   937 | D:1      | You fall through a shaft!
  1006 | D:3      | Reached XP level 3. HP: 16/16 MP: 8/8
  1168 | D:3      | Noticed olma's ghost (amateur TrFi)
  1749 | D:2      | Reached skill level 6 in Stealth
  1804 | D:2      | Reached XP level 4. HP: 21/21 MP: 4/9
  1840 | D:2      | Noticed Natasha
  1887 | D:3      | Learned a level 3 spell: Confuse
  1943 | D:3      | Killed olma's ghost
  1943 | D:3      | Reached skill level 7 in Stealth
  1943 | D:3      | Reached XP level 5. HP: 20/24 MP: 7/10
  2715 | D:2      | Killed Natasha
  2738 | D:2      | Noticed Natasha
  2743 | D:2      | Killed Natasha
  2743 | D:2      | Reached skill level 8 in Stealth
  2743 | D:2      | Reached XP level 6. HP: 28/28 MP: 3/11
  2929 | D:2      | Noticed Natasha
  3153 | D:1      | Killed Natasha
  3854 | D:2      | Found an oddly glowing altar of Pakellas.
  4093 | D:2      | Became a worshipper of Pakellas the Inventive
  4281 | D:4      | Got a translucent hand axe
  4447 | D:4      | Identified the +8 hand axe of Hoha Ybask {chop, +Inv} (You found it on level 4 of the Dungeon)
  5332 | D:3      | Reached skill level 5 in Short Blades
  5338 | D:4      | Slain by an ogre

Skill      XL: |  1  2  3  4  5  6 |
---------------+-------------------+-----
Stealth        | 5 6 7 8 |  8.1
Short Blades   | 2 3 4 5 |  5.0
Dodging        | |  3.0
Spellcasting   | |  2.7
Hexes          | |  3.9

Action                   |  1- 3 |  4- 6 || total
-------------------------+-------+-------++-------
Melee: Dagger            |    92 |    89 ||   181
       Hand axe          |       |     1 ||     1
 Cast: Corona            |    12 |       ||    12
       Ensorcelled Hiber |     8 |    11 ||    19
       Confuse           |       |    21 ||    21
 Abil: Evoke Invisibilit |       |     1 ||     1
 Stab: Sleeping          |    25 |    18 ||    43
       Confused          |       |    12 ||    12
  Eat: Pizza             |       |     1 ||     1
       Bread ration      |       |     1 ||     1
Armor: Robe              |    12 |     6 ||    18
Dodge: Dodged            |    63 |    43 ||   106
